Map: 뉴커크 재개발 지구 - 토너먼트 (공허의 유산)

Players

Bunny - Winner!

  • Race: Terran Terran
  • Spawn Location: 5:00

Krr

  • Race: Protoss Protoss
  • Spawn Location: 7:00

Event: IEM XI Katowice - World Championship 2017

VOD

Have the link to the VOD?

Description

Time

  • Played on: Feb. 28, 2017, 6:45 a.m.
  • Length: 9:56

All games in this series

Show
View Real Time Build Order
Export as new Build Order

Bunny Terran - Winner!

Build Orders:  

Get SALT Encoding   

  12  0:00  SCV  
  13  0:13  SCV  
  14  0:17  Supply Depot  
  14  0:25  SCV  
  15  0:39  SCV  
  15  0:41  Barracks  
  16  0:51  SCV  
  16  0:52  Refinery  
  17  1:03  SCV  
  18  1:15  SCV  
  19  1:27  Orbital Command  
  19  1:28  Marine  
  20  1:42  Command Center  
  20  1:47  Barracks Reactor  
  20  1:53  SCV  
  21  2:00  Supply Depot  
  21  2:05  SCV  
  22  2:12  Factory  
  22  2:18  SCV  
  22  2:20  Bunker  
  23  2:22  Marine  
  23  2:26  Marine  
  25  2:30  SCV  
  26  2:40  Marine  
  26  2:42  SCV  
  28  2:44  Marine  
  29  2:54  Refinery  
  29  2:55  Orbital Command  
  29  3:02  Cyclone  
  29  3:05  Marine  
  33  3:11  Marine  
  35  3:12  SCV  
  35  3:22  Starport  
  35  3:23  Marine  
  36  3:29  Marine  
  36  3:30  SCV  
  36  3:31  SCV  
  36  3:33  Widow Mine  
  40  3:39  Supply Depot  
  40  3:41  Marine  
  40  3:47  Marine  
  42  3:51  SCV  
  42  3:53  Supply Depot  
  44  3:59  Marine  
  44  4:01  Viking  
  46  4:04  Marine  
  46  4:05  Factory Tech Lab  
  47  4:15  SCV x2  
  49  4:20  Bunker  
  49  4:21  Marine  
  49  4:22  Marine  
  49  4:23  Bunker  
  51  4:29  Siege Tank  
  54  4:35  Viking  
  58  4:46  Supply Depot, Marine  
  58  4:47  Marine  
  58  4:58  SCV x2  
  60  5:05  Viking  
  62  5:07  Siege Tank  
  62  5:12  Supply Depot  
  65  5:14  Marine x2  
  68  5:32  Marine x2  
  68  5:35  Barracks  
  68  5:36  Viking  
  68  5:41  Siege Tank  
  73  5:48  SCV x2  
  75  5:50  Marine x2  
  77  6:00  Supply Depot, Barracks  
  77  6:08  Marine  
  78  6:18  Viking  
  78  6:21  Marine  
  78  6:22  Siege Tank  
  78  6:25  SCV x2  
  84  6:27  Marine  
  84  6:28  Barracks Tech Lab  
  85  6:33  Refinery  
  85  6:45  Marine  
  86  6:49  Supply Depot x2  
  86  6:59  Stimpack  
  86  7:02  Marine x3  
  86  7:04  Marine  
  86  7:17  Engineering Bay  
  86  7:20  Marine x3  
  86  7:22  Marine  
  83  7:27  Raven  
  83  7:28  Engineering Bay  
  85  7:38  Marine x3  
  85  7:40  Marine  
  91  7:44  Missile Turret  
  91  7:46  Missile Turret  
  88  7:56  Marine x2  
  88  7:58  Marine, SCV  
  82  8:13  Viking  
  82  8:14  Marine x3  
  82  8:15  Marine  
  88  8:21  Missile Turret  
  88  8:28  Cyclone  
  91  8:42  Marine  
  91  8:43  Marine, Supply Depot  
  94  8:51  SCV  
  94  8:58  Supply Depot, Starport Reactor  
  94  9:05  SCV  
  95  9:11  Factory Reactor  
  95  9:12  SCV  
  97  9:17  SCV  
  97  9:19  Marauder x2  
  101  9:25  Marine x2  
  101  9:28  SCV  
Show
View Real Time Build Order
Export as new Build Order

Krr Protoss 

Build Orders: Mass Adepts 

Get SALT Encoding   

  12  0:00  Probe (Chrono Boost)  
  13  0:11  Probe (Chrono Boost)  
  14  0:17  Pylon  
  14  0:22  Probe (Chrono Boost)  
  16  0:35  Probe (Chrono Boost)  
  16  0:38  Gateway  
  16  0:44  Assimilator  
  16  0:47  Probe (Chrono Boost)  
  17  0:55  Pylon  
  17  0:58  Probe (Chrono Boost)  
  18  1:08  Probe (Chrono Boost)  
  19  1:13  Gateway  
  19  1:19  Probe (Chrono Boost)  
  20  1:26  Cybernetics Core  
  20  1:30  Probe (Chrono Boost)  
  21  1:35  Assimilator  
  21  1:40  Probe (Chrono Boost)  
  22  1:51  Probe (Chrono Boost)  
  23  2:03  Mothership Core (Chrono Boost)  
  23  2:04  Warp Gate, Adept x2  
  29  2:10  Pylon  
  29  2:31  Adept x2  
  33  2:49  Stargate  
  33  2:58  Pylon, Adept x2  
  36  3:21  Gateway  
  36  3:27  Adept  
  36  3:28  Adept  
  36  3:30  Void Ray  
  40  3:40  Pylon  
  44  3:51  Pylon  
  44  4:07  Void Ray  
  48  4:27  Stalker  
  48  4:28  Stalker  
  48  4:29  Zealot  
  54  4:33  Pylon  
  54  4:52  Adept x3  
  60  5:03  Twilight Council  
  58  5:37  Nexus  
  58  5:42  Dark Shrine  
  58  5:46  Adept  
  61  5:57  Probe (Chrono Boost)  
  61  6:09  Probe (Chrono Boost)  
  62  6:20  Pylon  
  62  6:21  Probe (Chrono Boost)  
  63  6:32  Pylon  
  63  6:44  Probe (Chrono Boost)  
  62  6:56  Dark Templar, Probe (Chrono Boost)  
  62  6:57  Dark Templar  
  67  7:03  Dark Templar  
  61  7:30  Dark Templar x2  
  61  7:32  Probe (Chrono Boost)  
  61  7:33  Assimilator, Probe (Chrono Boost)  
  61  7:35  Assimilator  
  63  7:42  Probe (Chrono Boost)  
  65  7:45  Probe (Chrono Boost)  
  65  7:47  Resonating Glaives  
  65  7:53  Probe (Chrono Boost)  
  65  7:58  Probe (Chrono Boost)  
  67  8:03  Probe (Chrono Boost)  
  68  8:08  Adept x2  
  68  8:09  Adept  
  68  8:10  Probe (Chrono Boost)  
  73  8:14  Probe (Chrono Boost)  
  73  8:15  Gateway  
  73  8:17  Gateway  
  72  8:22  Pylon, Probe (Chrono Boost)  
  72  8:25  Mothership Core (Chrono Boost)  
  72  8:26  Pylon  
  75  8:33  Adept x2  
  78  8:42  Pylon  
  78  8:56  Adept x2  
  78  9:02  Probe (Chrono Boost)  
  84  9:03  Probe (Chrono Boost)  
  84  9:08  Gateway x2  
  84  9:12  Adept  
  84  9:16  Adept  
  88  9:18  Adept  
  88  9:22  Adept  
  92  9:33  Adept  
  94  9:51  Adept x3  

Tags
 
Add a new tag
Caveats
  • Supply blocks, unpowered buildings, or Contaminate may cause inaccurate times.
  • Supply counts are checked every 10 seconds.